 Dungeon Crawl Stone Soup version 0.28.0-53-g5a82cb258f (webtiles) character file.

Game seed: 12248146710268927318

15586 MiltankisOP the Destroyer (level 12, -6/70 HPs)
             Began as a Deep Elf Conjurer on June 20, 2022.
             Was a Priest of Vehumet.
             Killed by an exploding fulminant prism (45 damage)
             ... on level 2 of the Lair of Beasts.
             The game lasted 00:55:09 (14842 turns).

MiltankisOP the Destroyer (Deep Elf Conjurer)      Turns: 14842, Time: 00:55:12

Health: -6/70      AC:  5    Str:  4    XL:     12   Next: 2%
Magic:  8/23       EV: 17    Int: 34    God:    Vehumet [***...]
Gold:   604        SH:  0    Dex: 16    Spells: 9/23 levels left

rFire   . . .      SeeInvis .   R - +11 mace "Hiatigao" {venom, Int+5 Dex+3}
rCold   . . .      Faith    .   (no shield)
rNeg    . . .      Spirit   .   T - +0 robe {Archmagi}
rPois   .          Reflect  .   y - +0 helmet
rElec   .          Harm     .   (no cloak)
rCorr   +          Rampage  .   n - +0 pair of gloves
Will    +....      Archmagi +   F - +0 pair of boots
Stlth   ++........              E - amulet of regeneration
HPRegen 1.01/turn               D - ring of resist corrosion
MPRegen 0.18/turn               (no ring)

@: no status effects
A: no striking features
a: Renounce Religion


You were on level 2 of the Lair of Beasts.
You worshipped Vehumet.
Vehumet was most pleased with you.
You visited 3 branches of the dungeon, and saw 14 of its levels.

You collected 784 gold pieces.
You spent 180 gold pieces at shops.

Inventory:

Hand Weapons
 H - a +1 trident of flaming
 N - a +2 vorpal trident
 R - the +11 mace "Hiatigao" (weapon) {venom, Int+5 Dex+3}
   (You found it on level 10 of the Dungeon)

   It poisons the flesh of those it strikes.
   Int:       It affects your intelligence (+5).
   Dex:       It affects your dexterity (+3).
Missiles
 e - a throwing net
Armour
 a - a +0 robe
 n - a +0 pair of gloves (worn)
 y - a +0 helmet (worn)
 F - a +0 pair of boots (worn)
 G - a +1 leather armour of fire resistance
 K - +0 steam dragon scales
 P - a +0 troll leather armour
 S - a +0 leather armour of willpower
 T - a +0 robe of the Archmagi (worn)
Jewellery
 k - a ring of fire
 u - a ring of fire
 D - a ring of resist corrosion (left hand)
 E - an amulet of regeneration (around neck)
 W - an amulet of faith
Wands
 r - a wand of flame (31)
 t - a wand of polymorph (23)
 w - a wand of mindburst (4)
 U - a wand of acid (4)
 V - a wand of iceblast (15)
Scrolls
 c - 7 scrolls of teleportation
 f - a scroll of brand weapon {unknown}
 g - 6 scrolls of noise
 i - 2 scrolls of acquirement {unknown}
 m - 4 scrolls of magic mapping
 v - 4 scrolls of immolation
 A - 5 scrolls of blinking
 B - 4 scrolls of fear
 C - 2 scrolls of fog
 I - 3 scrolls of enchant armour {unknown}
 J - a scroll of summoning {unknown}
 L - 2 scrolls of silence {unknown}
 O - a scroll of torment {unknown}
Potions
 b - 5 potions of ambrosia
 d - 3 potions of berserk rage
 h - a potion of flight
 j - 6 potions of haste
 l - a potion of brilliance
 o - a potion of degeneration
 p - 6 potions of curing
 q - 2 potions of invisibility
 s - 3 potions of magic
 x - 3 potions of mutation
 z - 3 potions of heal wounds
 M - a potion of cancellation
 Q - a potion of attraction


   Skills:
 - Level 6.0 Fighting
 - Level 10.0 Dodging
 - Level 2.4 Stealth
 - Level 6.0 Spellcasting
 - Level 14.1 Conjurations
 - Level 6.0 Hexes
 - Level 6.0 Translocations
 + Level 7.6 Earth Magic


You had 9 spell levels left.
You knew the following spells:

 Your Spells              Type           Power      Damage    Failure   Level
a - Magic Dart            Conj           100%       1d8       0%          1
b - Searing Ray           Conj           100%       2d8       0%          2
c - Fulminant Prism       Conj/Hex       43%        3d20      1%          4
d - Iskenderun's Mystic   Conj/Tloc      87%        2d17      1%          4
e - Mephitic Cloud        Conj/Pois/Air  59%        N/A       1%          3

Your spell library contained the following spells:

 Spells                   Type           Power      Damage    Failure   Level
 Ensorcelled Hibernation  Hex/Ice        90%        N/A       1%          2
 Conjure Flame            Conj/Fire      73%        6-21      1%          3
 Dazzling Flash           Conj/Hex       100%       N/A       1%          3
 Portal Projectile        Hex/Tloc       100%       N/A       1%          3
 Sticky Flame             Conj/Fire      73%        2d9       1%          4
 Lee's Rapid Deconstruct  Erth           37%        3d20*     1%          5
 Lightning Bolt           Conj/Air       36%        1d54      1%          5
 Leda's Liquefaction      Hex/Erth       35%        N/A       2%          4
 Ignite Poison            Fire/Tmut/Pois 15%        N/A       3%          3
 Sublimation of Blood     Necr           15%        N/A       6%          2
 Wereblood                Tmut           15%        N/A       6%          2
 Airstrike                Air            7%         N/A       11%         4
 Spider Form              Tmut/Pois      15%        N/A       12%         3
 Anguish                  Hex/Necr       22%        N/A       12%         4
 Summon Lightning Spire   Summ/Air       15%        N/A       36%         4
 Blade Hands              Tmut           7%         N/A       73%         5
 Excruciating Wounds      Necr           7%         N/A       73%         5
 Statue Form              Tmut/Erth      34%        N/A       78%         6
 Summon Hydra             Summ           7%         N/A       100%        7


Dungeon Overview and Level Annotations

Branches:
Dungeon (11/15)            Temple (1/1) D:4            Lair (2/6) D:9
    Orc (0/2) D:11
  Swamp: Lair:2-4    Shoals: Lair:2-4     Snake: Lair:2-4    Spider: Lair:2-4

Altars:
Ashenzari
Cheibriados
Dithmenos
Elyvilon
Fedhas
Gozag
Hepliaklqana
Kikubaaqudgha
Makhleb
Nemelex Xobeh
Okawaru
Qazlal
Ru
Sif Muna
Trog
Uskayaw
Vehumet
Wu Jian
Xom
Yredelemnul
Zin
The Shining One
Jiyva

Shops:
D:2 :   D:5 ?   D:7 *

Annotations:
D:8 4 runed translucent doors


Message History

Press: ? - help, Dir - move target You feel a surge of power!
You conjure a prism of explosive energy!
A fulminant prism comes into view.
You feel sick.
You feel sick.
Your fulminant prism crackles loudly.
You feel sick.
You are no longer poisoned.
Your fulminant prism explodes!
The blast of energy engulfs the yak!
The yak is heavily wounded.
You hear a bellow!
You hear a croak.
Casting: Fulminant Prism (safe; 1% risk of failure)
Confirm with . or Enter, or press ? or * to list all spells.
Aiming: Fulminant Prism (safe; 1% risk of failure)
Press: ? - help, Dir - move target You feel a surge of power!
You conjure a prism of explosive energy!
A fulminant prism comes into view.
A yak comes into view.
Your fulminant prism crackles loudly.
Your fulminant prism explodes!
The blast of energy engulfs the yak!
The yak is heavily wounded.
You hear a bellow!
Casting: Fulminant Prism (safe; 1% risk of failure)
Confirm with . or Enter, or press ? or * to list all spells.
Aiming: Fulminant Prism (safe; 1% risk of failure)
Press: ? - help, Dir - move target You feel a surge of power!
You conjure a prism of explosive energy!
A fulminant prism comes into view.
Your fulminant prism crackles loudly.
Your fulminant prism explodes!
The blast of energy engulfs the yak!!!
You kill the yak!
Vehumet accepts your kill.
You feel your power returning. The blast of energy engulfs you!!!
Ouch! That really hurt!
You die...

#.....###.#####.....#.
#....Y.............÷..
##..................... #
#......................
.#.########......................
.................................
}.....<.####....†.........P####.#
........P.................## #
..#####.........@..........#
#.#..................# ##
###.#........#####.....#####P
#...#...[.#### ##...........
#........# #.#..........
##.......## ##...........
##.P.#.P..## ##..........
#..........# #...........
##........########..........


You could see a yak.

Vanquished Creatures
  5 two-headed ogres
  Urug (D:11)
  2 komodo dragons
  3 cane toads
  An unseen horror (D:11)
  2 trolls
  3 blink frogs (Lair:1)
  A slime creature (D:10)
  5 wyverns
  A vampire (D:11)
  2 wraiths (D:11)
  17 yaks
  5 steam dragons
  Menkaure (D:6)
  A two-headed ogre zombie (D:11)
  2 acid dragons
  3 water moccasins
  An ice beast (D:8)
  2 sky beasts
  A black bear (D:6)
  4 orc warriors (D:9)
  A necrophage (D:4)
  5 wolves (Lair:2)
  5 centaurs
  2 phantoms
  3 kobold brigands
  5 bullfrogs
  7 killer bees
  9 wights
  2 howler monkeys
  2 bullfrog zombies
  4 jellies
  3 centaur zombies
  2 hounds
  5 orc priests
  3 centaur skeletons (D:6)
  2 iguanas (D:6)
  5 orc wizards
  2 killer bee zombies
  7 ogre zombies (D:11)
  A howler monkey zombie (D:5)
  7 adders
  An ufetubus (D:5)
  An adder skeleton (D:4)
  2 worms
  3 dart slugs
  29 orcs
  6 bats
  4 endoplasms
  A giant cockroach (D:1)
  7 goblins
  7 hobgoblins
  7 kobolds
  3 quokkas
  6 ball pythons
  A frilled lizard (D:1)
  2 goblin skeletons (D:11)
  5 goblin zombies (D:11)
  4 hobgoblin zombies (D:11)
  3 orc skeletons (D:11)
  11 orc zombies (D:11)
  4 rats
252 creatures vanquished.

Vanquished Creatures (others)
  87 fulminant prisms
  4 fungi
  41 plants
132 creatures vanquished.

Grand Total: 384 creatures vanquished

Notes
Turn   | Place    | Note
-------+----------+-------------------------------------------
     0 | D:1      | MiltankisOP the Deep Elf Conjurer began the quest for the
                  | Orb.
     0 | D:1      | Reached XP level 1. HP: 10/10 MP: 6/6
   139 | D:1      | Reached XP level 2. HP: 15/15 MP: 6/8
   192 | D:1      | Reached skill level 5 in Conjurations
   259 | D:1      | Found a faded altar of an unknown god.
   846 | D:2      | Found Zuzadoats's Book Shop.
   906 | D:2      | Reached XP level 3. HP: 19/19 MP: 4/9
  1597 | D:2      | Reached skill level 6 in Conjurations
  1681 | D:2      | Learned a level 2 spell: Searing Ray
  1926 | D:3      | Reached XP level 4. HP: 24/24 MP: 8/11
  2620 | D:3      | Found a stormy altar of Qazlal.
  2733 | D:3      | Reached skill level 5 in Spellcasting
  2823 | D:3      | Found a bloodstained altar of Trog.
  3112 | D:4      | Reached XP level 5. HP: 28/28 MP: 9/14
  3162 | D:4      | Found a burning altar of Makhleb.
  3763 | D:4      | Noticed a necrophage
  3768 | D:4      | Killed a necrophage
  3769 | D:4      | Reached XP level 6. HP: 32/32 MP: 10/17
  3820 | D:4      | Found a staircase to the Ecumenical Temple.
  3826 | Temple   | Entered the Ecumenical Temple
  4323 | D:5      | Entered Level 5 of the Dungeon
  4345 | D:5      | Noticed a water moccasin
  4355 | D:5      | Killed a water moccasin
  4356 | D:5      | Reached skill level 5 in Dodging
  4640 | D:5      | Found a broken altar of Ashenzari.
  4957 | D:5      | Found Itimemas's Magic Scroll Shoppe.
  4965 | D:5      | Bought a scroll of identify for 24 gold pieces
  4965 | D:5      | Bought a scroll of blinking for 90 gold pieces
  4965 | D:5      | Bought a scroll of fear for 42 gold pieces
  4965 | D:5      | Bought a scroll of fog for 24 gold pieces
  5331 | D:5      | Reached XP level 7. HP: 36/36 MP: 12/18
  5677 | D:6      | Noticed Menkaure
  5682 | D:6      | Killed Menkaure
  5992 | D:6      | Reached XP level 8. HP: 41/41 MP: 13/19
  6790 | D:7      | Reached skill level 10 in Dodging
  7056 | D:7      | Found Majoe's Fire Supplies.
  7640 | D:7      | Reached skill level 5 in Fighting
  7956 | D:7      | Reached XP level 9. HP: 35/54 MP: 14/20
  8227 | D:8      | Found a basalt altar of Yredelemnul.
  8231 | D:8      | Found an ornate altar of the Wu Jian Council.
  8231 | D:8      | Found a radiant altar of Vehumet.
  8232 | D:8      | Found a hide-covered altar of Uskayaw.
  8239 | D:8      | Became a worshipper of Vehumet
  8288 | D:8      | Reached skill level 1 in Hexes
  8289 | D:8      | Reached skill level 1 in Translocations
  8552 | D:8      | Found a large runed translucent door.
  8552 | D:8      | Noticed a skeletal warrior
  8552 | D:8      | Identified the +5 ring mail of Loss {Harm Dex+5}
  8553 | D:8      | Found a large runed translucent door.
  8564 | D:8      | Noticed a troll
  8667 | D:8      | Noticed a two-headed ogre
  8797 | D:8      | Killed a two-headed ogre
  8798 | D:8      | Reached skill level 5 in Translocations
  8827 | D:8      | Found a large runed translucent door.
  8827 | D:8      | Found a large runed translucent door.
  8875 | D:8      | Noticed a tengu warrior
  8949 | D:9      | Reached XP level 10. HP: 44/60 MP: 6/21
  8957 | D:9      | Reached skill level 7 in Conjurations
  9215 | D:9      | Reached skill level 8 in Conjurations
  9221 | D:9      | Noticed a two-headed ogre
  9231 | D:9      | Killed a two-headed ogre
  9232 | D:9      | Reached skill level 9 in Conjurations
  9246 | D:9      | Noticed a two-headed ogre
  9258 | D:9      | Learned a level 4 spell: Fulminant Prism
  9263 | D:9      | Learned a level 4 spell: Iskenderun's Mystic Blast
  9487 | D:9      | Noticed a two-headed ogre
  9533 | D:9      | Killed a two-headed ogre
  9534 | D:9      | Reached skill level 10 in Conjurations
  9654 | D:9      | Killed a two-headed ogre
  9655 | D:9      | Reached skill level 11 in Conjurations
  9919 | D:9      | Reached * piety under Vehumet
  9919 | D:9      | Offered knowledge of Foxfire by Vehumet.
 10123 | D:9      | Found a staircase to the Lair.
 10168 | D:9      | Reached XP level 11. HP: 64/64 MP: 12/22
 10436 | D:9      | Reached skill level 12 in Conjurations
 10761 | D:10     | Entered Level 10 of the Dungeon
 10937 | D:10     | Found a viscous altar of Jiyva.
 11409 | D:10     | Identified the +11 mace "Hiatigao" {venom, Int+5 Dex+3}
 11432 | D:10     | Reached skill level 13 in Conjurations
 11966 | D:11     | Noticed a two-headed ogre
 11975 | D:11     | Killed a two-headed ogre
 11993 | D:11     | Reached ** piety under Vehumet
 11993 | D:11     | Offered knowledge of Static Discharge by Vehumet.
 12324 | D:11     | Found a staircase to the Orcish Mines.
 12327 | D:11     | Reached skill level 14 in Conjurations
 12336 | D:11     | Offered knowledge of Mephitic Cloud by Vehumet.
 12499 | D:11     | Learned a level 3 spell: Mephitic Cloud
 12948 | D:11     | Noticed Urug
 13197 | D:11     | Killed Urug
 13525 | Lair:1   | Entered Level 1 of the Lair of Beasts
 13532 | Lair:1   | Reached skill level 5 in Earth Magic
 13763 | Lair:1   | Reached *** piety under Vehumet
 14490 | Lair:2   | Noticed a death yak
 14492 | Lair:2   | Noticed a death yak
 14827 | Lair:2   | Reached XP level 12. HP: 39/70 MP: 16/23
 14842 | Lair:2   | Killed by an exploding fulminant prism

Illustrated notes

Levels and vault maps discovered:
D:1:      amcnicky_arrival_wind_blow, layout_basic,
          nicolae_ecumenical_lake_church, palyth_stone_intersect,
          minmay_misc_feat_square
D:2:      layout_loops_cross, serial_shops, nicolae_shop_stone
D:3:      layout_basic, lightli_temple_of_fire, mainiacjoe_overflow_alcove_1
D:4:      layout_loops_corners, lemuel_doored_altar, minmay_temple_entry_statues
D:5:      layout_loops_cross, mainiacjoe_overflow_concentric_impassable,
          serial_shops, nicolae_shop_waterfront
D:6:      layout_basic, uniq_menkaure
D:7:      layout_basic, hangedman_abyss_or_decor_stabs, nicolae_shop_fire_sale
          [nicolae_sub_dead_trees]
D:8:      layout_rooms, grunt_temple_overflow_open,
          minmay_hollow_rounded_squares
D:9:      layout_small_grid, david_lair_shrubbed, enter_bailey_8,
          hangedman_minor_gate_pass
D:10:     layout_roguey, jiyva_altar_1
D:11:     layout_basic, zombieorc2_lemuel, gauntlet_entry_generic, uniq_urug
Temple:   eino_narrow_crystal_temple
Lair:1:   layout_gridlike, chequers_serial_rivers_micro_b
Lair:2:   layout_chaotic_city, chequers_serial_rivers_micro_e

Skill      XL: |  1  2  3  4  5  6  7  8  9 10 11 |
---------------+----------------------------------+-----
Conjurations   | 5 6 11 14 | 14.1
Spellcasting   | 5 6 |  6.0
Dodging        | 4 6 9 10 | 10.0
Fighting       | 5 6 |  6.0
Hexes          | 6 |  6.0
Translocations | 6 |  6.0
Earth Magic    | 7 |  7.6
Stealth        | |  2.4

Action                   |  1- 3 |  4- 6 |  7- 9 | 10-12 || total
-------------------------+-------+-------+-------+-------++-------
Melee: Unarmed           |       |     8 |       |       ||     8
       Punch             |       |     2 |       |       ||     2
       Trident           |       |       |       |     1 ||     1
       Mace              |       |       |       |     7 ||     7
 Cast: Magic Dart        |    59 |    80 |    54 |    18 ||   211
       Searing Ray       |     2 |    15 |    59 |    21 ||    97
       Fulminant Prism   |       |       |       |    88 ||    88
       Iskenderun's Myst |       |       |       |    24 ||    24
Evoke: Wand              |       |       |     6 |    15 ||    21
  Use: Scroll            |       |     8 |     2 |     6 ||    16
Armor: Robe              |     1 |     6 |     4 |    14 ||    25
       Leather armour    |       |       |    17 |    11 ||    28
Dodge: Dodged            |     8 |    20 |    57 |    81 ||   166
